 Dungeon Crawl Stone Soup version 0.26-a0-854-gdc81c2f471 (webtiles) character file.

Game seed: 17528021912623563386

11 pablito the Sneak (level 2, -8/24 HPs)
             Began as a Human Delver on Nov 24, 2020.
             Mangled by an ogre
             ... wielding a +0 giant club
              (25 damage)
             ... on level 4 of the Dungeon.
             The game lasted 00:01:27 (354 turns).

pablito the Sneak (Human Delver)                     Turns: 354, Time: 00:01:28

Health: -8/24      AC:  3    Str: 12    XL:     2   Next: 35%
Magic:  2/2        EV: 12    Int: 10    God:
Gold:   0          SH:  0    Dex: 14    Spells: 1/1 levels left

rFire    . . .     SeeInvis .   a - +0 mace
rCold    . . .     Faith    .   (no shield)
rNeg     . . .     Spirit   .   b - +0 leather armour
rPois    .         Reflect  .   (no helmet)
rElec    .         Harm     .   (no cloak)
rCorr    .         Rampage  .   (no gloves)
MR       .....                  (no boots)
Stlth    +++.......             (no amulet)
HPRegen  0.08/turn              (no ring)
MPRegen  0.08/turn              (no ring)

@: no status effects
A: no striking features
a: no special abilities


You were on level 4 of the Dungeon.
You visited 1 branch of the dungeon, and saw 2 of its levels.

Inventory:

Hand Weapons
 a - a +0 mace (weapon)
Missiles
 d - 21 poisoned darts (quivered)
Armour
 b - a +0 leather armour (worn)
Wands
 g - a wand of digging (3)
Scrolls
 c - a scroll of fog
 e - a scroll of fear
Potions
 f - a potion of haste


   Skills:
 + Level 3.1 Fighting
 + Level 2.2 Maces & Flails
 + Level 2.2 Dodging
 + Level 5.1 Stealth


You had one spell level left.
You didn't know any spells.
Your spell library was empty.

Dungeon Overview and Level Annotations

Branches:
Dungeon (5/15)
 Temple: D:4-7

Altars:


Message History

You hit the giant cockroach.
The giant cockroach is moderately wounded.
The giant cockroach closely misses you. The ogre completely misses you.
The giant cockroach bites you.
You hit the giant cockroach but do no damage.
The giant cockroach is moderately wounded.
The ogre barely misses you. The giant cockroach barely misses you.
You barely miss the giant cockroach.
The giant cockroach is moderately wounded.
The giant cockroach bites you but does no damage.
The ogre misses you. The giant cockroach barely misses you.
You barely miss the giant cockroach.
The giant cockroach is moderately wounded.
The ogre misses you. The giant cockroach barely misses you.
You hit the giant cockroach but do no damage.
The giant cockroach is moderately wounded.
The giant cockroach closely misses you.
The ogre hits you with a +0 giant club!!
Ouch! That really hurt!
You die...

##.(##
#...# #...#
#...# #.###
#s# #.#
.########.#
......B@Os#
..#########


You could see an ogre, a scorpion and a giant cockroach.

Vanquished Creatures
  A howler monkey skeleton (D:5)
  A leopard gecko skeleton (D:5)
2 creatures vanquished.

Vanquished Creatures (others)
  A ball python (D:5)
  A leopard gecko skeleton (D:5)
2 creatures vanquished.

Grand Total: 4 creatures vanquished

Notes
Turn   | Place    | Note
-------+----------+-------------------------------------------
     0 | D:5      | pablito the Human Delver began the quest for the Orb.
     0 | D:5      | Reached XP level 1. HP: 18/18 MP: 1/1
    26 | D:5      | Reached XP level 2. HP: 8/24 MP: 2/2
   279 | D:4      | Noticed an ogre
   291 | D:4      | Noticed a scorpion
   354 | D:4      | Mangled by an ogre

Illustrated notes

Levels and vault maps discovered:
D:4:      layout_loops_corners, gup_sewer_entry_spiral, uniq_eustachio,
          uniq_robin, uniq_crazy_yiuf_cottage
D:5:      minmay_octagon_keep, layout_rooms, grunt_dithmenos_shadows,
          lemuel_flamethrower_2, uniq_menkaure, uniq_duvessa

Action                   || total
-------------------------++-------
Melee: Mace              ||    21
  Use: Scroll            ||     1
 Stab: Sleeping          ||     2
Armor: Leather armour    ||     3
Dodge: Dodged            ||    18

Table legend: (Time is in decaauts)
 A = Elapsed time spent in this place.
 B = Non-inter-level travel time spent in this place.
 C = Inter-level travel time spent in this place.
 D = Time resting spent in this place.
 E = Time spent auto-exploring this place.
 F = Levels seen in this place.
 G = Mean time per level.
                   A        B        C        D        E       F      G
               +--------+--------+--------+--------+--------+-----+--------+
         Total |    359 |    359 |      0 |    211 |     13 |   2 |  179.5 |
       Dungeon |    359 |    359 |      0 |    211 |     13 |   2 |  179.5 |
               +--------+--------+--------+--------+--------+-----+--------+

Top non-repeatable levels by time:
     D:5: 282 daAuts
     D:4: 77 daAuts
